AoeStats
← BeakedBasket526

Arena

510300783Analyzed
1v1 RM · 2d ago on Sep 30, 2026· 85m 42s· 2 players
Game mode
Random Map
Map size
Tiny (2 player)
Population
200
Speed
Normal
Resources
Standard
Victory
Conquest
Starting age
Dark Age
Ending age
Imperial Age
RankedLock teamsTeams togetherTeam positionsShared explorationLock speedFull tech treeHidden civsTurbo modeCheats
Victory
Defeat
🇪🇸 Italians · Spain
485
+17
🇨🇿 Portuguese · Czechia
513
-31
BeakedBasket526
1:17 Loom
15:59 Feudal Age
18:17 Double-Bit Axe
18:28 Horse Collar
20:30 Man-at-Arms
21:40 Stone Mining
22:13 Gold Mining
26:24 Castle Age
27:20 Long Swordsman
28:44 Bow Saw
29:09 Heavy Plow
29:46 Stone Shaft Mining
28:46 Pikeman
29:28 Squires
30:25 Crossbowman
31:55 Arson
33:48 Wheelbarrow
33:55 Wheelbarrow
38:21 Hand Cart
37:52 Town Watch
38:37 Forging
38:27 Scale Mail Armor
38:32 Scale Barding Armor
38:28 Padded Archer Armor
38:18 Fletching
42:22 Imperial Age
40:15 Town Patrol
42:20 Heated Shot
42:51 Ballistics
43:08 Iron Casting
42:53 Chain Barding Armor
42:48 Chain Mail Armor
44:13 Chemistry
43:38 Conscription
42:52 Elite Genoese Crossbowman
43:20 Onager
46:06 Blast Furnace
45:21 Chain Mail Armor
45:26 Chain Barding Armor
46:58 Bodkin Arrow
47:17 Cavalier
47:58 Husbandry
48:29 Chain Barding Armor
48:39 Plate Mail Armor
48:58 Light Cavalry
49:50 Bloodlines
50:39 Plate Mail Armor
50:44 Plate Barding Armor
50:09 Bracer
50:24 Leather Archer Armor
52:19 Two-Man Saw
52:00 Murder Holes
51:46 Treadmill Crane
51:38 Capped Ram
53:04 Crop Rotation
52:41 Arbalester
53:28 Thumb Ring
57:11 Ring Archer Armor
56:20 Hussar
61:13 Bombard Tower
60:44 Guard Tower
60:40 Arrowslits
61:06 Fortified Wall
61:07 Masonry
67:26 Pirotechnia
68:02 Keep
popi1990
14:14 Feudal Age
12:30 Loom
14:48 Double-Bit Axe
14:46 Horse Collar
16:29 Town Watch
17:21 Wheelbarrow
16:54 Arson
19:44 Forging
19:25 Man-at-Arms
20:33 Gold Mining
20:34 Stone Mining
22:52 Padded Archer Armor
22:44 Fletching
22:57 Scale Mail Armor
23:03 Scale Barding Armor
33:59 Castle Age
35:01 Thumb Ring
34:16 Crossbowman
34:21 Long Swordsman
34:47 Gambesons
34:22 Pikeman
36:22 Iron Casting
36:14 Hand Cart
37:40 Chain Mail Armor
37:46 Chain Barding Armor
37:34 Heavy Plow
37:48 Bow Saw
37:56 Bloodlines
38:54 Husbandry
38:16 Light Cavalry
38:19 Elite Skirmisher
39:47 Masonry
39:19 Treadmill Crane
39:32 Heated Shot
39:36 Guard Tower
41:55 Fortified Wall
41:41 Murder Holes
42:08 Ballistics
42:08 Leather Archer Armor
42:03 Bodkin Arrow
43:42 Circumnavigation
43:57 Caravan
44:29 Coinage
44:40 Town Patrol
48:22 Stone Shaft Mining
50:23 Imperial Age
52:15 Chemistry
51:51 Keep
51:51 Architecture
50:56 Halberdier
53:06 Plate Barding Armor
53:11 Crop Rotation
52:53 Two-Handed Swordsman
54:17 Sappers
55:29 Sanctity
56:17 Blast Furnace
58:53 Champion
60:59 Cavalier
65:42 Banking
65:46 Guilds
74:30 Siege Engineers
74:46 Bombard Tower
75:01 Plate Mail Armor
84:09 Conscription
84:22 Arquebus
Connection lost

Rejoining the realm…

Still unreachable

The connection could not be restored.

Session expired

The server has moved on; the page needs a fresh start.